 Dungeon Crawl Stone Soup version 0.30.1-11-g7821555f0a (webtiles) character file.

Game seed: 4153706174542147511

304 Kallu the Ruffian (level 6, 0/51 HPs)
             Began as a Ghoul Hunter on Jan 7, 2024.
             Slain by Edmund
             ... wielding a +1 flail of venom
              (11 damage)
             ... on level 5 of the Dungeon.
             The game lasted 00:05:33 (3340 turns).

Kallu the Ruffian (Ghoul Hunter)                    Turns: 3340, Time: 00:05:34

Health: 0/51       AC:  6    Str: 17    XL:     6   Next: 38%
Magic:  5/5        EV: 12    Int:  4    God:
Gold:   131        SH:  0    Dex: 12    Spells: 5/5 levels left

rFire   + + +        a - +0 shortbow
rCold   + . .        (shield currently unavailable)
rNeg    + + +        q - +1 robe of Dogmatism {Drain +Inv rF+++ rCorr}
rPois   ∞            n - +1 helmet
rElec   .            p - +0 cloak
rCorr   +            (no gloves)
SInv    .            (no boots)
Will    .....        (no amulet)
Stlth   ++           k - ring of flight
HPRegen 0.00/turn    (no ring)
MPRegen 0.09/turn

%: no passive effects
@: flying, inhibited regen
A: claws 1, cold resistance 1, negative energy resistance 3, inhibited
regeneration, torment resistance 2, devour on kill
a: Evoke Invisibility


You were on level 5 of the Dungeon.
You visited 1 branch of the dungeon, and saw 5 of its levels.

You collected 131 gold pieces.

Inventory:

Hand Weapons
 a - a +0 shortbow (weapon)
Armour
 n - a +1 helmet (worn)
 p - a +0 cloak (worn)
 q - the +1 robe of Dogmatism (worn) {Drain +Inv rF+++ rCorr}
   (You found it on level 3 of the Dungeon)

   rF:        It renders you almost immune to fire.
   +Inv:      It lets you turn invisible.
   rCorr:     It protects you from acid and corrosion.
   Drain:     It drains your maximum health when unequipped.
Jewellery
 k - a ring of flight (left claw)
Wands
 c - a wand of paralysis (3)
Scrolls
 b - a scroll of immolation
 f - 3 scrolls of teleportation
 g - a scroll of blinking {unknown}
 h - a scroll of identify
 i - 2 scrolls of amnesia
 j - a scroll of enchant armour {unknown}
Potions
 d - a potion of haste {unknown}
 e - 2 potions of curing
 l - a potion of brilliance {unknown}
 m - a potion of might {unknown}
 o - a potion of mutation {unknown}


   Skills:
 - Level 3.0 Fighting
 - Level 3.6 Ranged Weapons
 - Level 1.7 Dodging
 - Level 1.1 Stealth
 * Level 6.3 Unarmed Combat


You had 5 spell levels left.
You didn't know any spells.
Your spell library contained the following spells:

 Spells                   Type           Power      Damage    Failure   Level
 Magic Dart               Conj           0%         1d3       50%         1
 Searing Ray              Conj           0%         2d4       65%         2
 Static Discharge         Conj/Air       0%         2-2/arc   65%         2
 Inner Flame              Hex/Fire       0%         N/A       86%         3
 Airstrike                Air            0%         2d(0-16)  99%         4
 Fulminant Prism          Conj/Hex       0%         3d5       99%         4
 Summon Lightning Spire   Summ/Air       0%         N/A       99%         4
 Yara's Violent Unravell  Hex/Tmut       0%         3d3       100%        5
 Enfeeble                 Hex            0%         N/A       100%        7


Dungeon Overview and Level Annotations

Branches:
Dungeon (5/15)
 Temple: D:4-7

Altars:
Hepliaklqana

Annotations:
D:5 Edmund


Innate Abilities, Weirdness & Mutations

You are immune to poison.
You have sharp fingernails.
Your flesh is cold resistant. (rC+)
You are immune to negative energy. (rN+++)
You do not regenerate when monsters are visible.
You are immune to unholy pain and torment.
You thrive by killing the living.


Message History

Aim: Edmund, wielding a +1 flail of venom and wearing a +0 ring mail (severely wounded, paralysed, 98% to hit)
You shoot an arrow.
The arrow hits Edmund but does no damage.
Edmund is severely wounded.
Edmund is no longer paralysed.
Fire: a) +0 shortbow
Press: ? - help, Q - select action, (/) - cycle Shift-Dir - straight line, f/p - Edmund
Aim: Edmund, wielding a +1 flail of venom and wearing a +0 ring mail (severely wounded, 63% to hit)
You shoot an arrow.
The arrow hits Edmund but does no damage.
Edmund is severely wounded.
Aiming: Paralyse
Press: ? - help, Shift-Dir - straight line, f/p - Edmund
Aim: Edmund, wielding a +1 flail of venom and wearing a +0 ring mail (severely wounded, chance to affect: 49%) Edmund suddenly stops moving!
Unknown command.
Fire: a) +0 shortbow
Press: ? - help, Q - select action, (/) - cycle Shift-Dir - straight line, f/p - Edmund
Aim: Edmund, wielding a +1 flail of venom and wearing a +0 ring mail (severely wounded, paralysed, 98% to hit)
You shoot an arrow. The arrow hits Edmund.
Edmund is severely wounded.
Fire: a) +0 shortbow
Press: ? - help, Q - select action, (/) - cycle Shift-Dir - straight line, f/p - Edmund
Aim: Edmund, wielding a +1 flail of venom and wearing a +0 ring mail (severely wounded, paralysed, 98% to hit)
You shoot an arrow.
The arrow hits Edmund but does no damage.
Edmund is severely wounded.
You start resting.
Edmund is nearby!
Aiming: Paralyse
Press: ? - help, Shift-Dir - straight line, f/p - Edmund
Aim: Edmund, wielding a +1 flail of venom and wearing a +0 ring mail (severely wounded, chance to affect: 49%) Edmund resists with some effort.
Unknown command.
Aiming: Paralyse
Press: ? - help, Shift-Dir - straight line, f/p - Edmund
Aim: Edmund, wielding a +1 flail of venom and wearing a +0 ring mail (severely wounded, chance to affect: 49%) Edmund resists with some effort.
Edmund hits you with a +1 flail of venom!
You die...

#..#.## #.# #.##@#
#.# #.##.# #.#
#.##.##.##### #.#
#.....).....#
#######.#
#.##.##.###.#
#...[...# ..
...##.# #.#
#.#####.# ##
######.###.####.#
#.#
#......@@..#####.#
#####............#
##############


You could see Edmund.

Vanquished Creatures
  An ice beast (D:4)
  A hound (D:3)
  An orc wizard (D:5)
  Robin (D:3)
  3 adders (D:2)
  4 dart slugs
  6 orcs
  4 ball pythons
  4 endoplasms
  5 giant cockroaches
  14 goblins
  9 hobgoblins
  10 jackals (D:1)
  7 kobolds
  4 quokkas
  7 bats
  5 frilled lizards
  12 rats
98 creatures vanquished.

Notes
Turn   | Place    | Note
-------+----------+-------------------------------------------
     0 | D:1      | Kallu the Ghoul Hunter began the quest for the Orb.
     0 | D:1      | Reached XP level 1. HP: 17/17 MP: 0/0
   143 | D:1      | Reached XP level 2. HP: 26/26 MP: 1/1
   166 | D:1      | Reached skill level 1 in Unarmed Combat
   195 | D:1      | Reached XP level 3. HP: 22/31 MP: 2/2
   437 | D:1      | Reached skill level 2 in Unarmed Combat
   766 | D:2      | Reached skill level 3 in Unarmed Combat
   806 | D:2      | Reached XP level 4. HP: 33/38 MP: 3/3
  1026 | D:2      | Found a faded altar of an unknown god.
  1408 | D:3      | Reached skill level 4 in Unarmed Combat
  1785 | D:3      | Noticed Robin
  1806 | D:3      | Reached XP level 5. HP: 23/45 MP: 4/4
  1823 | D:3      | Killed Robin
  1984 | D:3      | You fall into a shaft and drop 1 floor!
  2201 | D:4      | Noticed an ice beast
  2223 | D:4      | Killed an ice beast
  2224 | D:4      | Reached skill level 5 in Unarmed Combat
  2224 | D:4      | Reached XP level 6. HP: 23/51 MP: 5/5
  2473 | D:3      | Reached skill level 6 in Unarmed Combat
  2476 | D:3      | Identified the +1 robe of Dogmatism {Drain +Inv rF+++
                  | rCorr}
  2912 | D:4      | Found a hazy altar of Hepliaklqana.
  3157 | D:5      | Entered Level 5 of the Dungeon
  3203 | D:5      | Noticed Edmund
  3340 | D:5      | Slain by Edmund

Illustrated notes

Levels and vault maps discovered:
D:1:      co_arrival_random_square_maze, layout_basic, hex_intersection
D:2:      layout_loops_ring, hellmonk_ecumenical_altar_crossroads
D:3:      layout_basic, grunt_ministairs_5, uniq_robin
D:4:      layout_loops_ring, tso_oasis_becter, mainiacjoe_overflow_brackets,
          minmay_misc_feat_square, hangedman_decor_peaks_small,
          kennysheep_generic_room_2
D:5:      layout_loops_ring, zin_statuary, amethyst_killhole, uniq_duvessa,
          uniq_edmund

Skill      XL: |  1  2  3  4  5  6 |
---------------+-------------------+-----
Fighting       | 3 |  3.0
Unarmed Combat | 1 3 4 5 6 |  6.3
Ranged Weapons | |  3.6
Dodging        | |  1.7
Stealth        | |  1.1

Action                     |  1- 3 |  4- 6 || total
---------------------------+-------+-------++-------
  Melee: Unarmed           |       |    46 ||    46
         Punch             |       |     1 ||     1
   Fire: Shortbow          |    95 |   156 ||   251
  Evoke: Wand              |       |     5 ||     5
    Use: Scroll            |       |     4 ||     4
         Potion            |       |     1 ||     1
   Stab: Paralysed         |       |     3 ||     3
 Armour: Leather armour    |    13 |    38 ||    51
         Robe              |       |     7 ||     7
  Dodge: Dodged            |    25 |    72 ||    97
